 Dungeon Crawl Stone Soup version 0.25.0-26-g0c896c7088 (webtiles) character file.

Game seed: 690080230243312146

97 Exodus22XD the Poker (level 4, -6/33 HPs)
             Began as a Demonspawn Gladiator on July 4, 2020.
             Mangled by Sigmund
             ... wielding a +0 scythe of venom
              (10 damage)
             ... on level 3 of the Dungeon.
             The game lasted 00:02:25 (2322 turns).

Exodus22XD the Poker (Demonspawn Gladiator)         Turns: 2322, Time: 00:02:26

Health: -6/33      AC:  4    Str: 15    XL:     4   Next: 42%
Magic:  4/4        EV: 13    Int:  9    God:
Gold:   101        SH:  0    Dex: 15    Spells: 3/3 levels left

rFire    . . .     SeeInvis .   a - +0 trident
rCold    . . .     Gourm    .   (no shield)
rNeg     . . .     Faith    .   b - +0 leather armour
rPois    .         Spirit   .   c - +0 helmet
rElec    .         Reflect  .   (no cloak)
rCorr    .         Harm     .   (no gloves)
MR       .....                  (no boots)
Stlth    +.........             l - amulet of inaccuracy (curse)
HPRegen  0.11/turn              (no ring)
MPRegen  0.09/turn              (no ring)

@: no status effects
A: talons 2
a: no special abilities


You were on level 3 of the Dungeon.
You were not hungry.

You visited 1 branch of the dungeon, and saw 3 of its levels.

You collected 101 gold pieces.

Inventory:

Hand Weapons
 a - a +0 trident (weapon)
Missiles
 d - 5 throwing nets (quivered)
Armour
 b - a +0 leather armour (worn)
 c - a +0 helmet (worn)
Jewellery
 l - a cursed amulet of inaccuracy (around neck)
Wands
 p - a wand of disintegration (9)
Scrolls
 e - 3 scrolls of amnesia
 h - a scroll of remove curse {unknown}
 i - a scroll of blinking {unknown}
 m - a scroll of identify {unknown}
 s - 2 scrolls of teleportation {unknown}
Potions
 g - a potion of stabbing {unknown}
 j - a potion of cancellation {unknown}
 k - a potion of curing {unknown}
 n - a potion of ambrosia {unknown}
 o - 2 potions of heal wounds {unknown}
 r - a potion of resistance
Comestibles
 f - 2 rations
 q - a chunk of flesh


   Skills:
 + Level 2.3 Fighting
 + Level 3.8 Polearms
 - Level 1.7 Throwing
 + Level 1.5 Armour
 + Level 3.2 Dodging


You had 3 spell levels left.
You didn't know any spells.
Your spell library was empty.

Dungeon Overview and Level Annotations

Branches:
Dungeon (3/15)

Altars:
Nemelex Xobeh

Annotations:
D:3 Sigmund


Innate Abilities, Weirdness & Mutations

You have razor-sharp toenails.


Message History

You are confused.
You bump into the rock wall.
A puff of flame appears from out of thin air!
The puff of flame hits you.
You bump into the rock wall.
You are more confused.
You bump into the rock wall.
You bump into the rock wall.
A puff of flame appears from out of thin air!
The puff of flame hits you!
Found a stone staircase leading down.
You're too confused!
You bump into the rock wall.
Something hits you.
You bump into the rock wall.
You closely miss something. Something hits you!
* * * LOW HITPOINT WARNING * * *
You feel less confused. Something hits you!
You die...

#.#####..#..#
#...?.......##.#
#######........#
##.##.####
#.##.####
#.......#####.#
#.#####........
. #.#
#.#####.... #.#
#..@....... #.#
#.#####....
#.#####........
.
#...{...#######
##.###### #.#
..# ####


There were no monsters in sight!

Vanquished Creatures
  3 gnolls (D:2)
  3 adders (D:2)
  2 oozes
  A worm (D:2)
  A dart slug (D:2)
  A leopard gecko (D:1)
  2 bats
  A giant cockroach (D:2)
  2 hobgoblins (D:2)
  2 jackals (D:2)
  2 ball pythons
  4 frilled lizards
  2 goblins
  5 kobolds
  3 rats
34 creatures vanquished.

Notes
Turn   | Place    | Note
-------+----------+-------------------------------------------
     0 | D:1      | Exodus22XD the Demonspawn Gladiator began the quest for the
                  | Orb.
     0 | D:1      | Reached XP level 1. HP: 16/16 MP: 1/1
   899 | D:1      | Gained mutation: You have sharp toenails. [demonic
                  | ancestry]
   899 | D:1      | Reached XP level 2. HP: 22/22 MP: 2/2
  1227 | D:2      | Reached XP level 3. HP: 26/27 MP: 3/3
  1839 | D:2      | Reached skill level 1 in Armour
  2031 | D:2      | Gained mutation: You have razor-sharp toenails. [demonic
                  | ancestry]
  2031 | D:2      | Reached XP level 4. HP: 29/33 MP: 4/4
  2276 | D:3      | Found a sparkling altar of Nemelex Xobeh.
  2278 | D:3      | Noticed Sigmund
  2322 | D:3      | Mangled by Sigmund

Illustrated notes

Levels and vault maps discovered:
D:1:      minmay_arrival_three_doors, layout_basic
D:2:      layout_rooms, minmay_misc_feat_plants
D:3:      layout_loops_ring, nemelex_xobeh_ov_fountains_minmay,
          grunt_decor_arrowhead, uniq_sigmund

Skill      XL: |  1  2  3 |
---------------+----------+-----
Polearms       | 3 |  3.8
Dodging        | 3 |  3.2
Armour         | 1 |  1.5
Fighting       | |  2.3
Throwing       | |  1.7

Action                   |  1- 3 |  4- 6 || total
-------------------------+-------+-------++-------
Melee: Trident           |    95 |    11 ||   106
       Kick              |    19 |     2 ||    21
  Use: Scroll            |       |     1 ||     1
 Stab: Distracted        |     1 |       ||     1
       Sleeping          |       |     2 ||     2
  Eat: Chunk             |     3 |     1 ||     4
Armor: Leather armour    |    27 |     1 ||    28
Dodge: Dodged            |    46 |     2 ||    48
